 Dungeon Crawl Stone Soup version 0.31.0-9-g3a7656b989 (webtiles) character file.

Game seed: 8248465844431442343

47 qw the Shooter (level 3, 0/18 HPs)
             Began as a Spriggan Hunter on Feb 2, 2024.
             Slain by a jackal (2 damage)
             ... on level 2 of the Dungeon.
             The game lasted 00:00:02 (597 turns).

qw the Shooter (Spriggan Hunter)                     Turns: 597, Time: 00:00:03

Health: 0/18       AC:  2    Str:  7    XL:     3   Next: 48%
Magic:  4/4        EV: 19    Int: 10    God:
Gold:   95         SH:  0    Dex: 20    Spells: 2/2 levels left

rFire   . . .        a - +0 shortbow
rCold   . . .        (shield currently unavailable)
rNeg    . . .        c - +0 robe
rPois   .            (helmet restricted)
rElec   .            (no cloak)
rCorr   .            (gloves unavailable)
SInv    +            (boots unavailable)
Will    .....        (no amulet)
Stlth   ++           (no ring)
HPRegen 0.23/turn    (no ring)
MPRegen 0.09/turn

%: no passive effects
@: lethally poisoned (0 -> -6), very quick
A: very small, no large weapons, unfitting armour, see invisible, speed 3
a: no special abilities


You were on level 2 of the Dungeon.
You visited 1 branch of the dungeon, and saw 2 of its levels.

You collected 95 gold pieces.


Innate Abilities, Weirdness & Mutations

You are very small and have problems with some larger weapons.
You are too small for most types of armour.
You have supernaturally acute eyesight. (SInv)
You cover ground extremely quickly. (Speed+++)


   Skills:
 - Level 1.5 Fighting
 + Level 4.7 Ranged Weapons
 - Level 4.1 Dodging
 - Level 1.5 Stealth


You had 2 spell levels left.
You didn't know any spells.
Your spell library was empty.

Inventory:

Hand Weapons
 a - a +0 shortbow (weapon)
Armour
 c - a +0 robe (worn)

Dungeon Overview and Level Annotations

Branches:
Dungeon (2/15)

Altars:


Message History

The adder bites you. The jackal completely misses you.
You shoot an arrow. The arrow hits the adder.
You kill the adder!
The adder barely misses you. The adder misses you.
You shoot an arrow. The arrow barely misses the adder.
The jackal bites you. The jackal misses you. The adder misses you.
A hobgoblin comes into view.
The jackal misses you. The jackal barely misses you.
You shoot an arrow. The arrow misses the adder.
The hobgoblin shouts!
You hear an angry hiss.
The adder barely misses you. The jackal misses you. x2
The adder barely misses you.
You shoot an arrow. The arrow hits the adder.
The adder is moderately wounded.
The jackal closely misses you. The jackal completely misses you.
The adder bites you.
You are poisoned.
The adder poisons you! The jackal barely misses you.
The jackal completely misses you.
You shoot an arrow. The arrow misses the adder.
You feel sick. The adder barely misses you. The jackal misses you. x2
A frilled lizard comes into view.
You shoot an arrow.
The arrow hits the adder but does no damage.
The adder is moderately wounded.
You feel sick. The jackal completely misses you. The adder bites you.
The jackal misses you. The jackal closely misses you.
The jackal barely misses you. The adder misses you.
You shoot an arrow. The arrow closely misses the adder.
You feel sick. The jackal closely misses you. The adder bites you.
You are lethally poisoned!
The adder poisons you! The jackal completely misses you. The jackal bites you.
The jackal barely misses you. The adder barely misses you.
You shoot an arrow. The arrow closely misses the adder.
The arrow hits the hobgoblin.
You kill the hobgoblin!
You feel very sick. The jackal bites you.
You die...

#### ####+######.# ##
#..# ...# #..# #.###
#############.###..###
.....................
#############.##..###
#...........##
..########.#####..#
#.@S.%.... ##hh~~l..$
####PP..~ ~P~~ ~~~ ~~
~


You could see an adder, 2 jackals and a frilled lizard.

Vanquished Creatures
  An adder (D:2)
  2 dart slugs (D:1)
  3 endoplasms (D:1)
  2 giant cockroaches (D:1)
  3 goblins (D:1)
  A hobgoblin (D:2)
  5 jackals
  6 kobolds
  2 quokkas
  A ball python (D:1)
  2 bats (D:1)
  4 rats (D:1)
32 creatures vanquished.

Notes
Turn   | Place    | Note
-------+----------+-------------------------------------------
     0 | D:1      | qw the Spriggan Hunter began the quest for the Orb.
     0 | D:1      | Reached XP level 1. HP: 10/10 MP: 2/2
     0 | D:1      | 0 ||| qw: Version: 0.3-a-155-g5e7d8dd
     0 | D:1      | 0 ||| qw: Game counter: 558
     0 | D:1      | 0 ||| qw: Melee chars always use a shield: true
     0 | D:1      | 0 ||| qw: God list: Okawaru
     0 | D:1      | 0 ||| qw: Allow faded altars: false
     0 | D:1      | 0 ||| qw: Do Orc after clearing Dungeon:15 true
     0 | D:1      | 0 ||| qw: Do second Lair branch before Depths: true
     0 | D:1      | 0 ||| qw: Lair rune preference: random
     0 | D:1      | 0 ||| qw: Goals: Normal
     0 | D:1      | 0 ||| PLANNING D:1-11
    24 | D:1      | Reached skill level 3 in Dodging
   131 | D:1      | Reached XP level 2. HP: 14/14 MP: 3/3
   333 | D:1      | Reached XP level 3. HP: 18/18 MP: 4/4
   417 | D:1      | Found a faded altar of an unknown god.
   456 | D:1      | 456 ||| READING scroll labelled POPTEL HOHAIRI.
   459 | D:1      | 459 ||| READING scroll labelled BYWNIO JEUSAG.
   459 | D:1      | 459 ||| IDENTIFYING fizzy blue potion
   460 | D:1      | 460 ||| DROPPING scroll of butterflies.
   461 | D:1      | 461 ||| DROPPING potion of lignification.
   596 | D:2      | HP: 4/18 [jackal (1)]
   597 | D:2      | Slain by a jackal

Levels and vault maps discovered:
D:1:      wander_arrival_peaceful_grave, layout_basic,
          shapermc_ecumenical_altar_flowoftime, st_stairs_7,
          grunt_decor_fettered
D:2:      layout_rooms, grunt_ministairs_8, chequers_big_river,
          amethyst_killhole, minmay_misc_feat_alley, minmay_fountain_box

Skill      XL: |  1  2 |
---------------+-------+-----
Dodging        | 3 4 |  4.1
Fighting       | |  1.5
Ranged Weapons | |  4.7
Stealth        | |  1.5

Action                     || total
---------------------------++-------
   Fire: Shortbow          ||    92
    Use: Scroll            ||     2
 Armour: Robe              ||    15
  Dodge: Dodged            ||    63

Table legend:
 A = Non-vault XP
 B = Vault XP
 C = Vault XP percentage of total XP
 D = Non-vault monster count
 E = Vault monster count
 F = Vault count percentage of total count
                 A         B        C        D         E       F
            +---------+---------+-------+---------+---------+-------
      Total |      67 |       3 |   4.3 |      30 |       2 |   6.2
            +---------+---------+-------+---------+---------+-------
        D:1 |      44 |       3 |   6.4 |      24 |       2 |   7.7
        D:2 |      23 |       0 |   0.0 |       6 |       0 |   0.0
            +---------+---------+-------+---------+---------+-------
